 Dungeon Crawl Stone Soup version 0.27-a0-652-g2d5cf1dcd3 (webtiles) character file.

Game seed: 11519743436427678547

144 Dreamer the Sneak (level 5, 0/33 HPs)
             Began as an Octopode Transmuter on Mar 16, 2021.
             Succumbed to a kobold's poison
             ... in a sewer.
             The game lasted 00:11:07 (3356 turns).

Dreamer the Sneak (Octopode Transmuter)             Turns: 3356, Time: 00:11:08

Health: 0/33       AC:  1    Str: 11    XL:     5   Next: 26%
Magic:  8/8        EV: 13    Int: 15    God:
Gold:   119        SH:  0    Dex: 12    Spells: 7/8 levels left

rFire    . . .     SeeInvis .     - Unarmed
rCold    . . .     Faith    .   (no shield)
rNeg     . . .     Spirit   .   (helmet restricted)
rPois    .         Reflect  .   (no amulet)
rElec    .         Harm     .   (no ring)
rCorr    .         Rampage  .   (no ring)
Will     .....                  (no ring)
Stlth    +++++.....             (no ring)
HPRegen  0.11/turn              (no ring)
MPRegen  0.11/turn              (no ring)
                                (no ring)
                                (no ring)

@: lethally poisoned (0 -> -7)
A: almost no armour, amphibious, 8 rings, camouflage 1, gelatinous body 1,
nimble swimmer 1, tentacles
a: no special abilities


You were in a sewer.
You visited 1 branch of the dungeon, and saw 3 of its levels.
You also visited: Sewer.

You collected 119 gold pieces.

Inventory:

Wands
 f - a wand of digging (5)
Scrolls
 a - a scroll of magic mapping {unknown}
 b - 4 scrolls of teleportation {unknown}
 g - a scroll of immolation {unknown}
Potions
 e - 2 potions of curing {unknown}


   Skills:
 - Level 1.0 Fighting
 - Level 2.0 Dodging
 * Level 5.6 Stealth
 + Level 4.1 Unarmed Combat
 - Level 2.0 Spellcasting
 - Level 2.0 Transmutations


You had 7 spell levels left.
You knew the following spells:

 Your Spells              Type           Power      Damage    Failure   Level
a - Beastly Appendage     Tmut           14%        N/A       10%         1

Your spell library contained the following spells:

 Spells                   Type           Power      Damage    Failure   Level
 Wereblood                Tmut           7%         N/A       14%         2
 Spider Form              Tmut/Pois      2%         N/A       41%         3
 Ice Form                 Ice/Tmut       4%         N/A       82%         4
 Blade Hands              Tmut           3%         N/A       95%         5


Dungeon Overview and Level Annotations

Branches:
Dungeon (3/15)              Sewer (1/1)

Altars:

Annotations:
D:2 Natasha


Innate Abilities, Weirdness & Mutations

You cannot wear most types of armour.
You are amphibious.
You can wear up to eight rings at the same time.
Your skin changes colour to match your surroundings (Stealth+).
Your rubbery body absorbs attacks. (AC +1, EV +1)
You are stealthy while swimming. (Stealth+)
You have tentacles for arms and can constrict up to eight enemies at once.


Message History

Things that are here:
a +0 whip; 3 stones
Things that are here:
a +0 hand crossbow; 19 bolts; a kobold skeleton You barely miss the kobold.
Your grab misses the kobold. The kobold hits you with a +0 dagger.
You tentacle-slap the kobold but do no damage.
You grab the kobold.
You tentacle-slap the kobold, but do no damage.
Your squeeze misses the kobold. You constrict the kobold.
The kobold hits you with a +2 whip of venom!
You are lethally poisoned!
The kobold hits you with a +0 dagger! The kobold closely misses you.
You release your grip on the kobold.
Your transformation is almost over.
* * * LOW HITPOINT WARNING * * *
You feel sick.
There is an open door, spattered with blood here.
Things that are here:
a +0 whip; 3 stones
* * * LOW HITPOINT WARNING * * *
You feel sick.
* * * LOW HITPOINT WARNING * * *
You feel sick.
* * * LOW HITPOINT WARNING * * *
You feel sick.
* * * LOW HITPOINT WARNING * * *
You feel sick.
* * * LOW HITPOINT WARNING * * *
You feel sick.
* * * LOW HITPOINT WARNING * * *
You feel sick.
* * * LOW HITPOINT WARNING * * *
You feel sick.
* * * LOW HITPOINT WARNING * * *
You feel sick.
It was a potion of magic.
Magic courses through your body.
Your tentacle spike disappears.
It was a potion of lignification.
You feel woody for a moment.
You die...

#########################
≈≈≈≈≈≈≈≈≈≈≈≈≈≈≈≈≈≈≈≈≈≈≈≈
≈≈≈≈≈≈≈≈≈≈≈≈≈≈≈≈≈≈≈≈≈≈≈
#########≈≈≈≈≈≈#######
#!?#[!#≈≈≈≈≈≈#..#..#
!...!#@≈≈≈≈≈#.....#
##...##≈≈≈≈≈≈##...##
#.....#≈≈≈≈≈≈#.†.).#
#.K)..#≈≈≈≈≈≈#..)..#
###)###≈≈≈≈≈≈###'###
#...≈K≈≈≈≈≈≈≈≈≈..##
#...K≈≈≈≈≈≈≈≈≈≈...#
#...≈≈≈≈≈≈≈≈≈≈≈...#
#....≈≈≈≈≈≈≈≈≈≈...##


You could see a kobold.

Vanquished Creatures
  Terence (D:2)
  A gnoll (D:1)
  2 adders
  A river rat (Sewer)
  A worm (D:2)
  3 dart slugs
  3 leopard geckos
  5 bats
  A giant cockroach (D:1)
  14 goblins
  8 hobgoblins
  2 jackals (D:1)
  9 kobolds
  3 ball pythons
  10 frilled lizards
  9 rats
73 creatures vanquished.

Vanquished Creatures (others)
  8 plants (D:1)
8 creatures vanquished.

Grand Total: 81 creatures vanquished

Notes
Turn   | Place    | Note
-------+----------+-------------------------------------------
     0 | D:1      | Dreamer the Octopode Transmuter began the quest for the
                  | Orb.
     0 | D:1      | Reached XP level 1. HP: 13/13 MP: 3/3
   139 | D:1      | Reached skill level 1 in Stealth
   230 | D:1      | Reached XP level 2. HP: 15/18 MP: 5/5
   328 | D:1      | Reached skill level 2 in Stealth
   579 | D:1      | Reached skill level 3 in Stealth
   579 | D:1      | Reached XP level 3. HP: 13/23 MP: 6/6
  1561 | D:2      | Reached skill level 4 in Stealth
  1726 | D:2      | Noticed Natasha
  1803 | D:2      | Reached XP level 4. HP: 14/28 MP: 7/7
  2137 | D:2      | Noticed Terence
  2151 | D:2      | Killed Terence
  2811 | D:3      | Reached skill level 5 in Stealth
  2882 | D:3      | Reached XP level 5. HP: 33/33 MP: 8/8
  2883 | D:3      | Found a glowing drain.
  2897 | Sewer    | Entered a sewer
  3354 | Sewer    | HP: 1/33 [poisoned by a kobold]
  3356 | Sewer    | Succumbed to a kobold's poison

Illustrated notes

Levels and vault maps discovered:
D:1:      mushboom_english_gardens, layout_loops_corners,
          hangedman_decor_opposing, minmay_lizard_king
D:2:      minmay_door_path, layout_loops_cross, minmay_pentomino_s4,
          uniq_natasha, uniq_terence
D:3:      layout_loops_ring, portal_sewer_entry_d, minmay_misc_feat_columns,
          moated_statue, uniq_jessica, uniq_robin
Sewer:    sewer_minmay_treatment

Skill      XL: |  1  2  3  4 |
---------------+-------------+-----
Stealth        | 1 3 4 5 |  5.6
Unarmed Combat | 4 |  4.1
Fighting       | |  1.0
Dodging        | |  2.0
Spellcasting   | |  2.0
Transmutations | |  2.0

Action                   |  1- 3 |  4- 6 || total
-------------------------+-------+-------++-------
Melee: Unarmed           |    96 |    82 ||   178
       Constrict         |    25 |    21 ||    46
       Tentacles         |     6 |    10 ||    16
       Punch             |     2 |     3 ||     5
       Kick              |       |    17 ||    17
 Cast: Beastly Appendage |       |     8 ||     8
  Use: Potion            |       |     2 ||     2
 Stab: Sleeping          |     9 |     3 ||    12
Armor: Skin              |     1 |     2 ||     3
Dodge: Dodged            |    44 |    46 ||    90

Table legend: (Time is in decaauts)
 A = Elapsed time spent in this place.
 B = Non-inter-level travel time spent in this place.
 C = Inter-level travel time spent in this place.
 D = Time resting spent in this place.
 E = Time spent auto-exploring this place.
 F = Levels seen in this place.
 G = Mean time per level.
                   A        B        C        D        E       F      G
               +--------+--------+--------+--------+--------+-----+--------+
         Total |   3343 |   3292 |     51 |    411 |   2274 |   4 |  835.8 |
       Dungeon |   2887 |   2836 |     51 |    198 |   2180 |   3 |  962.3 |
         Sewer |    456 |    456 |      0 |    213 |     94 |   1 |  456.0 |
               +--------+--------+--------+--------+--------+-----+--------+

Top non-repeatable levels by time:
     D:1: 1547 daAuts
     D:2: 1226 daAuts
   Sewer: 456 daAuts
     D:3: 112 daAuts
